Map: Bel'Shir Vestige LE (Void)

Players

Railgan - Winner!

  • Race: Zerg Zerg
  • League: Grandmaster
  • Spawn Location: 11:00

Bordan

  • Race: Terran Terran
  • League: Master
  • Spawn Location: 5:00

VOD

Have the link to the VOD?

Description

Time

  • Played on: March 12, 2017, 3:36 p.m.
  • Length: 12:20
Show
View Real Time Build Order
Export as new Build Order

Railgan Zerg - Winner!

Build Orders: Pool First, Lurkers 

Get SALT Encoding   

  12  0:01  Drone  
  13  0:12  Overlord  
  13  0:17  Drone  
  14  0:31  Drone  
  14  0:32  Drone  
  16  0:39  Drone  
  17  0:47  Drone, Spawning Pool  
  17  0:57  Drone  
  18  1:12  Hatchery  
  18  1:15  Extractor  
  18  1:16  Drone  
  17  1:20  Drone  
  18  1:33  Zergling x2  
  18  1:34  Queen  
  18  1:39  Drone  
  22  1:49  Overlord  
  22  2:09  Drone, Queen  
  22  2:13  Drone  
  26  2:25  Drone x2, Queen  
  26  2:29  Metabolic Boost  
  30  2:35  Drone x2  
  31  2:42  Drone x2  
  33  2:44  Overlord  
  33  2:50  Drone  
  34  2:52  Drone  
  34  2:54  Evolution Chamber  
  34  2:59  Drone  
  34  3:01  Overlord  
  35  3:11  Zergling x4  
  37  3:15  Zergling x4  
  37  3:16  Drone  
  37  3:17  Drone  
  41  3:21  Drone  
  41  3:22  Zerg Ground Armor Level 1  
  41  3:26  Drone x2, Overlord  
  44  3:40  Drone x2  
  46  3:48  Drone x2  
  48  3:53  Drone x2, Overlord  
  50  3:56  Extractor x2, Drone x2  
  50  4:00  Drone x3  
  53  4:06  Drone  
  54  4:25  Drone x2  
  54  4:27  Zergling x6  
  54  4:29  Lair  
  57  4:31  Extractor  
  57  4:33  Queen  
  57  4:34  Drone  
  57  4:35  Zergling x8  
  63  4:44  Drone  
  64  4:49  Zergling x2  
  65  4:56  Overlord x2  
  65  4:59  Zergling x6  
  68  5:00  Overlord  
  68  5:06  Hatchery  
  66  5:20  Evolution Chamber  
  65  5:22  Zergling x12  
  71  5:29  Zerg Ground Armor Level 2  
  71  5:30  Hydralisk Den  
  71  5:32  Zergling x2  
  71  5:33  Zergling x10  
  76  5:48  Zerg Missile Weapons Level 1  
  76  5:52  Overseer  
  76  5:57  Zergling x2  
  76  5:58  Hydralisk x2, Zergling x2  
  76  5:59  Hydralisk x4  
  90  6:04  Muscular Augments  
  90  6:05  Overlord  
  90  6:10  Overlord  
  89  6:15  Hydralisk  
  91  6:24  Overlord  
  91  6:29  Hydralisk  
  91  6:30  Hydralisk x4  
  99  6:36  Hydralisk  
  99  6:37  Hydralisk x2  
  105  6:44  Queen  
  107  6:55  Hydralisk x3  
  107  6:56  Overlord  
  107  6:57  Overlord  
  113  7:12  Overlord  
  109  7:23  Drone  
  109  7:24  Drone x9  
  109  7:26  Overlord  
  119  7:35  Drone  
  119  7:36  Drone x3, Overlord  
  123  7:40  Overlord  
  123  7:41  Lurker Den  
  123  7:43  Drone x3, Pneumatized Carapace  
  126  7:46  Spine Crawler  
  123  8:00  Drone x10  
  123  8:04  Overlord  
  131  8:06  Extractor  
  131  8:07  Extractor  
  129  8:13  Hydralisk x4  
  129  8:15  Hydralisk  
  130  8:20  Overseer  
  130  8:21  Hydralisk  
  129  8:31  Drone  
  129  8:36  Drone x8  
  129  8:37  Drone  
  136  8:43  Drone x2  
  136  8:44  Drone x3  
  141  8:52  Overlord  
  141  8:57  Hydralisk  
  141  8:59  Overlord  
  143  9:06  Hatchery  
  127  9:18  Zergling x2  
  127  9:19  Overlord, Zergling x8  
  132  9:32  Spire  
  132  9:33  Lurker x3  
  132  9:34  Lurker x5  
  139  9:40  Hydralisk x4  
  139  9:42  Hydralisk  
  139  9:44  Hydralisk  
  151  9:52  Hydralisk x2  
  151  9:55  Hydralisk  
  155  10:05  Hydralisk x3  
  161  10:08  Hydralisk  
  161  10:09  Hydralisk  
  161  10:13  Hydralisk  
  157  10:17  Hydralisk  
  154  10:26  Zergling x2  
  155  10:29  Hydralisk  
  156  10:43  Spore Crawler  
  156  10:44  Spore Crawler  
  156  10:48  Corruptor  
  156  10:49  Corruptor x4  
  164  10:50  Zergling x16  
  172  10:58  Zergling x2  
  172  10:59  Zergling x2  
  174  11:06  Hatchery  
  174  11:08  Zergling x2  
  174  11:09  Zergling x10  
  166  11:23  Zergling x14  
  168  11:36  Zergling x14  
  164  11:49  Zergling x2  
  164  11:50  Hydralisk, Zergling x6  
  164  11:51  Hydralisk  
  164  11:53  Hydralisk  
  153  11:54  Hydralisk  
  153  11:55  Zergling x2  
Show
View Real Time Build Order
Export as new Build Order

Bordan Terran 

Build Orders: Reaper Expand, MMM Bio 

Get SALT Encoding   

  12  0:00  SCV  
  13  0:12  SCV  
  14  0:17  Supply Depot  
  14  0:25  SCV  
  15  0:38  SCV  
  15  0:39  Barracks  
  16  0:44  Refinery  
  16  0:50  SCV  
  17  1:02  SCV  
  18  1:15  SCV  
  19  1:27  Reaper  
  19  1:28  Orbital Command  
  20  1:44  Command Center  
  20  1:53  Barracks  
  20  1:59  Barracks Reactor  
  20  2:00  SCV  
  21  2:07  Supply Depot  
  21  2:12  SCV  
  22  2:24  SCV  
  23  2:35  Marine x2  
  23  2:36  SCV  
  26  2:43  Barracks Tech Lab  
  26  2:48  SCV  
  27  2:53  Marine x2  
  27  2:56  Orbital Command  
  27  2:57  Bunker  
  29  3:00  SCV  
  29  3:03  Stimpack  
  29  3:04  Marauder  
  33  3:12  SCV  
  33  3:13  Marine  
  33  3:14  Marine  
  35  3:22  SCV  
  35  3:24  SCV  
  37  3:29  Supply Depot  
  37  3:34  SCV  
  38  3:37  Marine x2, SCV  
  38  3:38  Marauder  
  43  3:51  Factory  
  43  3:54  Supply Depot  
  43  3:55  Marine x2, Supply Depot  
  42  3:59  Marauder  
  46  4:03  Supply Depot  
  46  4:04  Supply Depot  
  46  4:06  SCV x2  
  46  4:07  Refinery  
  48  4:14  Marine x2  
  50  4:18  SCV x2  
  50  4:21  Marauder  
  54  4:30  SCV x2  
  55  4:33  Marine x2  
  57  4:39  Factory Reactor, Starport  
  57  4:42  SCV x2  
  57  4:43  Marine  
  60  4:54  SCV x2  
  60  4:56  Marine x2  
  64  5:01  Marine  
  64  5:03  Combat Shields  
  64  5:06  SCV  
  64  5:07  SCV  
  67  5:15  Marine x2  
  67  5:18  Marine  
  67  5:19  SCV x2  
  72  5:24  Supply Depot  
  72  5:25  Command Center  
  72  5:27  Medivac  
  74  5:31  SCV x2  
  74  5:35  Medivac, Barracks  
  78  5:39  Supply Depot  
  78  5:40  Marine x2  
  78  5:41  Marine  
  81  5:43  SCV x2  
  83  5:55  SCV x2  
  83  5:57  Factory Reactor  
  85  6:04  Barracks  
  85  6:06  Barracks  
  85  6:07  SCV  
  85  6:09  Marine x2  
  85  6:10  Marine  
  89  6:11  Medivac  
  89  6:13  SCV  
  89  6:14  Supply Depot  
  89  6:15  Supply Depot  
  92  6:24  Engineering Bay x2  
  90  6:25  Refinery  
  90  6:26  Refinery  
  90  6:27  Marine  
  90  6:31  SCV  
  91  6:38  SCV  
  91  6:39  Orbital Command  
  92  6:50  Widow Mine x2  
  96  7:03  Marine x3  
  99  7:08  Medivac, Barracks Tech Lab  
  99  7:09  Medivac  
  99  7:12  Barracks Reactor  
  99  7:13  Barracks Reactor  
  103  7:19  Widow Mine x2  
  103  7:21  Marine x3  
  100  7:23  SCV x2  
  102  7:35  Marine, SCV  
  102  7:37  SCV  
  102  7:38  Marine x2, Medivac  
  102  7:39  Orbital Command  
  102  7:44  Marine  
  107  7:47  SCV  
  107  7:48  Widow Mine x2  
  107  7:49  Marine x2, SCV  
  107  7:51  Marine x2, Barracks  
  116  7:52  Barracks  
  116  7:53  Marine  
  116  7:56  Marine x2  
  118  8:01  Marine  
  110  8:06  Marine x2  
  110  8:09  Marine x2  
  110  8:10  Bunker, Marine  
  115  8:14  Marine  
  116  8:24  Marine x2  
  118  8:30  Widow Mine x2, Command Center  
  118  8:31  Marine  
  123  8:39  Marine x5  
  123  8:40  Medivac  
  123  8:41  Medivac, Marine  
  126  8:42  Marine  
  126  8:47  Terran Infantry Armor Level 1, Terran Infantry Weapons Level 1  
  124  8:52  Command Center  
  124  8:55  Marine  
  125  8:56  Marine x2  
  125  8:57  Marine x5  
  124  9:22  Marine x7  
  124  9:23  Marine x3  
  132  9:40  Marine x10  
  130  9:57  Marine  
  130  9:58  Marine x5  
  130  9:59  Marine x4  
  128  10:15  Marine  
  128  10:16  Marine x5  
  128  10:17  Marine x2  
  127  10:21  Marine  
  127  10:22  Marine  
  127  10:26  Orbital Command  
  129  10:33  Marine  
  129  10:34  Marine x5  
  129  10:35  Marine x2  
  125  10:39  Marine  
  125  10:40  Marine  
  125  10:51  Marine x4, Orbital Command  
  125  10:53  Medivac x2  
  133  10:57  Marine  
  133  10:58  Marine x4  
  133  11:03  Marine  
  139  11:09  Marine x3  
  123  11:20  Marine  
  123  11:21  Marine x6  
  123  11:23  Medivac  
  127  11:26  Marine  
  127  11:27  Marine x2  
  127  11:32  Supply Depot  
  123  11:38  Marine x5  
  123  11:39  Marine x2  
  124  11:44  Marine  
  124  11:45  Marine x2  
  87  11:56  Marine x7  
Tags
 
Add a new tag
Caveats
  • Supply blocks, unpowered buildings, or Contaminate may cause inaccurate times.
  • Supply counts are checked every 10 seconds.